Map: Ascension to Aiur LE

Players

Toneman

  • Race: Terran Terran
  • League: Diamond
  • Spawn Location: 5:00

Adapt - Winner!

  • Race: Zerg Zerg
  • League: Diamond
  • Spawn Location: 11:00

VOD

Have the link to the VOD?

Description

killed 130 scvs roach hydra ling bane infestor swarm host corruptor broodlord Ascension to Aiur LE (661)

Time

  • Played on: Nov. 23, 2017, 9:24 p.m.
  • Length: 24:17
Show
View Real Time Build Order
Export as new Build Order

Toneman Terran 

Build Orders: Mech 

Get SALT Encoding   

  12  0:01  SCV  
  13  0:13  SCV  
  14  0:17  Supply Depot  
  14  0:25  SCV  
  15  0:39  SCV  
  15  0:41  Barracks  
  16  0:51  SCV  
  16  0:55  Refinery  
  17  1:03  SCV  
  18  1:04  Supply Depot  
  18  1:15  SCV  
  19  1:27  SCV  
  20  1:38  Reaper  
  20  1:39  Orbital Command  
  21  1:58  Command Center  
  21  2:06  SCV  
  22  2:18  SCV  
  22  2:20  Factory  
  22  2:21  Refinery  
  23  2:31  SCV  
  24  2:38  Barracks Reactor  
  24  2:43  SCV  
  24  2:55  SCV  
  25  3:07  SCV  
  25  3:09  Starport  
  26  3:13  Orbital Command, Marine  
  26  3:14  Marine  
  28  3:23  Armory  
  28  3:31  Orbital Command  
  28  3:44  Barracks Tech Lab  
  28  3:54  Hellion x2  
  32  3:58  Medivac  
  32  4:01  SCV x2  
  36  4:13  SCV x2  
  36  4:15  Hellion x2  
  42  4:25  SCV x2  
  42  4:28  Medivac  
  46  4:36  Supply Depot  
  46  4:39  Supply Depot  
  46  4:45  Marine  
  46  4:46  Hellion x2, SCV x2  
  53  4:58  Medivac, SCV x2, Refinery  
  53  4:59  Factory, Refinery  
  57  5:00  Supply Depot  
  57  5:01  Hellion x4  
  57  5:03  Marine, Supply Depot  
  58  5:10  SCV x2  
  60  5:22  SCV x2  
  60  5:27  Liberator  
  62  5:34  SCV x2  
  64  5:46  SCV x2  
  67  5:58  SCV  
  67  6:03  Hellbat x2  
  70  6:04  Siege Tank, Infernal Pre-Igniter  
  70  6:10  Liberator  
  73  6:20  SCV  
  73  6:21  SCV  
  73  6:24  Factory  
  75  6:31  Engineering Bay  
  78  6:32  SCV  
  78  6:33  Command Center  
  78  6:36  Hellion x2, Siege Tank  
  86  7:10  Missile Turret  
  86  7:12  Missile Turret  
  86  7:14  SCV  
  86  7:15  SCV  
  86  7:17  Hellion  
  86  7:18  Factory Tech Lab  
  86  7:31  Hellion, SCV x2  
  86  7:44  SCV x2  
  86  7:45  Hellion  
  90  7:52  Cyclone  
  90  7:54  Supply Depot  
  90  7:57  SCV x2  
  95  8:02  Starport Reactor, Supply Depot  
  95  8:06  Cyclone  
  95  8:08  Thor  
  95  8:09  SCV x2  
  95  8:10  Missile Turret  
  95  8:12  Sensor Tower  
  106  8:14  Planetary Fortress  
  106  8:21  SCV x2  
  106  8:25  Cyclone  
  111  8:38  Cyclone  
  103  8:57  Cyclone  
  103  9:00  Thor, Cyclone  
  101  9:10  Cyclone  
  89  9:29  Cyclone  
  92  9:35  SCV  
  92  9:36  Factory x2, SCV, Refinery  
  92  9:37  SCV  
  92  9:47  SCV  
  92  9:48  SCV  
  92  9:49  SCV  
  89  9:59  SCV  
  90  10:00  SCV  
  90  10:01  Hellion, Siege Tank, SCV  
  90  10:02  Bunker, Hellbat, Siege Tank  
  102  10:11  SCV  
  102  10:12  SCV  
  102  10:13  SCV  
  105  10:16  Refinery  
  105  10:23  Hellion, Bunker  
  105  10:24  SCV x2  
  105  10:25  SCV  
  110  10:28  Factory Reactor  
  110  10:29  Factory Tech Lab  
  110  10:33  Siege Tank, Cyclone  
  110  10:34  Siege Tank  
  119  10:36  SCV x2  
  119  10:37  SCV  
  119  10:40  Supply Depot x2  
  119  10:41  Terran Vehicle And Ship Armor Level 1, Supply Depot  
  122  10:44  Liberator, Hellbat  
  122  10:45  Hellion  
  122  10:48  SCV  
  125  11:01  SCV x3  
  125  11:03  Siege Tank  
  134  11:04  Command Center  
  134  11:05  Hellbat x2, Cyclone  
  141  11:14  SCV x3  
  141  11:17  Command Center  
  144  11:21  Supply Depot  
  144  11:23  Supply Depot x2  
  144  11:25  Supply Depot, Hellbat  
  146  11:27  Cyclone  
  149  11:33  Hellbat  
  149  11:36  Thor  
  143  11:47  SCV x2  
  143  11:48  Liberator x2, SCV  
  146  11:59  SCV  
  146  12:00  SCV x2  
  149  12:07  Hellbat x2, Thor  
  165  12:15  SCV x3  
  165  12:16  Hellbat x2  
  170  12:28  SCV  
  166  12:35  Terran Vehicle Weapons Level 1  
  99  12:54  Missile Turret  
  91  13:00  SCV x2  
  91  13:01  SCV  
  94  13:06  Cyclone  
  94  13:07  Siege Tank, Hellbat, Thor, Cyclone x2  
  94  13:08  Hellbat  
  94  13:12  SCV x2  
  118  13:13  SCV  
  118  13:17  Starport Tech Lab  
  119  13:20  Refinery  
  119  13:23  Refinery  
  119  13:24  SCV  
  120  13:27  Missile Turret  
  120  13:28  Hellbat, Sensor Tower  
  122  13:39  Siege Tank  
  122  13:40  Siege Tank  
  128  13:41  Planetary Fortress  
  128  13:50  Thor  
  128  13:54  Cyclone  
  128  13:55  Widow Mine x2  
  141  13:56  Hellbat  
  140  14:07  SCV  
  140  14:08  SCV x2  
  133  14:11  Thor  
  133  14:12  Hellbat  
  143  14:17  Hellbat  
  143  14:20  SCV x2  
  143  14:21  Planetary Fortress  
  147  14:24  Hellbat x2  
  147  14:26  Hellbat  
  147  14:27  SCV  
  147  14:29  Terran Vehicle And Ship Armor Level 2, SCV  
  153  14:32  SCV x2  
  153  14:33  Siege Tank, Thor  
  166  14:38  Hellbat  
  166  14:39  SCV  
  166  14:41  SCV  
  166  14:44  SCV  
  156  14:45  Hellbat  
  121  14:59  Missile Turret  
  109  15:04  Thor  
  109  15:05  Hellbat x3, Siege Tank  
  114  15:16  Siege Tank  
  103  15:33  Hellbat  
  103  15:34  Hellbat x3  
  102  15:37  Thor  
  108  15:43  Raven  
  108  15:46  SCV x4  
  108  15:47  Siege Tank  
  108  15:48  Siege Tank  
  120  15:56  Missile Turret  
  120  15:58  SCV x3  
  120  15:59  SCV  
  120  16:03  Missile Turret  
  124  16:08  Missile Turret  
  124  16:10  SCV  
  125  16:19  Thor  
  125  16:20  Siege Tank, Hellbat, Thor  
  142  16:26  SCV x2, Sensor Tower  
  142  16:27  SCV  
  142  16:28  SCV  
  146  16:36  Hellbat  
  146  16:38  Hellbat  
  146  16:39  SCV  
  151  16:40  SCV  
  151  16:41  SCV  
  153  16:52  Siege Tank  
  156  17:00  Hellion x4  
  164  17:02  Siege Tank  
  164  17:03  Siege Tank  
  170  17:21  Hellion  
  159  17:29  Siege Tank  
  161  17:30  Hellbat x2  
  161  17:31  Hellbat  
  161  17:34  Siege Tank  
  161  17:35  Thor  
  167  17:48  Raven  
  169  18:05  Terran Vehicle Weapons Level 2  
  169  18:13  Refinery  
  169  18:16  Refinery  
  169  18:17  Refinery  
  169  18:43  Viking  
  123  19:13  Medivac  
  118  19:29  Thor  
  118  19:30  Hellbat x3, Siege Tank x2  
  118  19:31  Hellbat  
  135  19:42  Raven  
  113  19:51  Hellbat x2  
  113  19:52  Hellbat x2  
  112  20:01  Missile Turret, Thor  
  112  20:02  Siege Tank  
  121  20:12  SCV x3  
  121  20:13  Hellbat x5  
  134  20:21  Terran Vehicle And Ship Armor Level 3  
  134  20:34  Siege Tank, Hellbat, Thor  
  131  20:52  Viking  
  131  20:56  Thor  
  126  21:06  Thor  
  132  21:14  Hellbat x3  
  132  21:15  Hellbat  
  132  21:17  Hellbat  
  129  21:35  Hellbat  
  99  22:05  Viking x2  
  59  22:35  Viking x2  
  52  22:48  Thor x2  
  48  23:21  Hellbat  
  46  23:31  Thor  
  43  23:44  Viking, Medivac  
Show
View Real Time Build Order
Export as new Build Order

Adapt Zerg - Winner!

Build Orders: Hatch First, Swarm Host 

Get SALT Encoding   

  12  0:01  Drone  
  13  0:12  Overlord  
  13  0:17  Drone  
  14  0:32  Drone x2  
  14  0:34  Drone  
  17  0:53  Hatchery  
  16  0:57  Drone  
  16  0:59  Extractor  
  16  1:02  Drone  
  17  1:17  Spawning Pool  
  16  1:22  Drone  
  16  1:24  Drone  
  18  1:28  Drone  
  19  1:39  Overlord  
  19  2:04  Metabolic Boost, Queen  
  19  2:05  Queen  
  19  2:07  Zergling x2  
  24  2:10  Zergling x2  
  24  2:13  Zergling x2  
  26  2:16  Drone  
  26  2:19  Drone  
  26  2:22  Drone  
  29  2:26  Drone  
  30  2:32  Overlord  
  30  2:51  Drone  
  30  2:53  Drone, Hatchery  
  31  2:59  Drone  
  31  3:00  Drone x2  
  31  3:04  Drone  
  35  3:10  Drone  
  36  3:15  Drone  
  36  3:18  Drone  
  36  3:19  Drone  
  39  3:20  Drone  
  39  3:24  Drone  
  39  3:25  Drone  
  42  3:27  Roach Warren  
  42  3:29  Overlord  
  41  3:36  Drone  
  41  3:37  Evolution Chamber  
  41  3:38  Drone  
  41  3:39  Drone  
  43  3:46  Overlord  
  43  3:50  Drone  
  44  3:58  Overlord x2  
  44  4:07  Zergling x4  
  46  4:10  Queen  
  46  4:13  Drone  
  46  4:17  Extractor x2  
  48  4:18  Drone, Extractor  
  48  4:19  Drone x2  
  49  4:28  Drone x4, Baneling Nest  
  49  4:29  Drone, Spine Crawler  
  49  4:30  Drone x2  
  54  4:34  Queen  
  56  4:39  Roach x2  
  56  4:45  Roach  
  62  4:58  Roach  
  62  4:59  Roach x2  
  68  5:01  Drone  
  68  5:02  Drone x4  
  68  5:05  Drone  
  74  5:11  Overlord  
  74  5:12  Overlord x3  
  74  5:17  Spore Crawler  
  73  5:23  Overlord  
  73  5:27  Lair  
  73  5:32  Queen  
  73  5:35  Drone, Spine Crawler  
  75  5:36  Drone, Spine Crawler  
  75  5:40  Zergling x6  
  75  6:03  Queen  
  77  6:12  Pneumatized Carapace  
  77  6:15  Extractor x2  
  75  6:19  Drone  
  75  6:20  Drone x8  
  75  6:24  Spore Crawler  
  83  6:25  Drone  
  83  6:26  Queen  
  83  6:31  Drone x2  
  88  6:36  Drone  
  88  6:39  Queen  
  91  6:46  Roach  
  101  6:47  Roach x4  
  101  6:52  Baneling  
  101  6:53  Baneling  
  101  7:02  Roach  
  101  7:03  Roach x2  
  101  7:05  Glial Reconstitution  
  101  7:06  Centrifical Hooks  
  107  7:11  Infestation Pit  
  106  7:18  Drone  
  106  7:19  Drone  
  106  7:20  Drone  
  106  7:21  Drone  
  106  7:23  Extractor, Hatchery  
  106  7:26  Extractor  
  102  7:38  Roach, Hydralisk Den  
  102  7:39  Roach  
  102  7:40  Overlord  
  102  7:41  Overlord x8  
  105  7:58  Overlord x4  
  105  8:09  Hydralisk x3  
  105  8:11  Muscular Augments  
  105  8:12  Zerg Ground Armor Level 1  
  111  8:17  Evolution Chamber  
  111  8:18  Evolution Chamber  
  111  8:19  Drone x3  
  112  8:21  Drone  
  112  8:22  Spore Crawler  
  112  8:23  Spore Crawler x2  
  110  8:33  Zergling x12  
  116  8:39  Hydralisk x3  
  104  8:53  Roach x4  
  94  8:56  Baneling  
  94  8:57  Baneling x10  
  92  9:07  Hydralisk  
  92  9:08  Hydralisk x4  
  97  9:14  Roach  
  97  9:15  Roach x3  
  92  9:31  Zerg Missile Weapons Level 1, Zerg Melee Weapons Level 1  
  92  9:37  Pathogen Glands  
  92  9:39  Burrow  
  92  9:41  Zergling x14  
  92  9:42  Zergling x8  
  103  9:53  Hydralisk x5  
  113  10:07  Drone  
  113  10:08  Drone x7  
  113  10:09  Drone  
  122  10:17  Infestor  
  122  10:18  Infestor x2  
  128  10:24  Queen  
  130  10:33  Neural Parasite  
  130  10:41  Infestor x5  
  140  10:44  Zergling x8  
  140  10:45  Zergling x4  
  146  11:08  Hydralisk x10  
  166  11:12  Baneling x3  
  166  11:35  Swarm Host  
  166  11:36  Swarm Host x3  
  169  11:48  Swarm Host  
  169  11:49  Swarm Host x2  
  169  11:53  Drone x3  
  181  11:54  Drone x3  
  184  12:02  Zerg Melee Weapons Level 2  
  184  12:08  Extractor  
  184  12:10  Hatchery  
  184  12:11  Extractor  
  181  12:17  Baneling x4  
  155  13:06  Infestor  
  155  13:07  Infestor x7  
  171  13:20  Swarm Host  
  171  13:23  Zergling x2  
  171  13:24  Zergling x32  
  171  13:25  Zergling x4  
  193  13:27  Zergling x12  
  193  13:28  Zergling x2  
  193  13:31  Drone, Nydus Network  
  200  13:39  Overlord x4  
  200  13:42  Overseer x2  
  193  14:20  Baneling  
  193  14:21  Baneling x13  
  169  15:01  Hydralisk x2  
  169  15:02  Hydralisk x13  
  197  15:24  Hydralisk  
  197  15:25  Hydralisk x6  
  181  15:39  Baneling  
  181  15:40  Baneling  
  179  15:47  Zerg Missile Weapons Level 2, Zerg Ground Armor Level 2  
  179  15:50  Hive  
  179  15:52  Spire  
  179  15:54  Spire  
  179  15:56  Lurker Den  
  175  16:37  Extractor  
  175  16:39  Extractor  
  173  16:43  Nydus Canal  
  173  16:44  Extractor  
  172  16:50  Hatchery  
  172  16:52  Extractor  
  150  17:27  Zergling x2  
  150  17:28  Zergling x40  
  150  17:29  Zergling x6  
  144  17:43  Hydralisk x5  
  142  18:00  Corruptor  
  142  18:01  Corruptor x6  
  156  18:06  Zerg Flyer Weapons Level 1, Greater Spire  
  156  18:07  Roach  
  156  18:08  Roach x3  
  156  18:10  Baneling  
  156  18:11  Baneling x14  
  156  18:12  Corruptor x5  
  166  18:16  Infestor  
  166  18:17  Infestor x2  
  178  18:30  Hydralisk x5  
  188  18:34  Baneling  
  188  18:35  Baneling x22  
  161  19:02  Zergling x26  
  145  19:03  Zergling x6  
  135  19:25  Brood Lord x4  
  135  19:26  Brood Lord x4  
  135  19:28  Zergling x2  
  135  19:29  Zergling x18  
  142  19:39  Zergling x2  
  142  19:40  Zergling x8  
  138  19:46  Swarm Host  
  138  19:47  Swarm Host x3  
  150  20:02  Drone  
  150  20:03  Drone x3  
  154  20:22  Hydralisk  
  154  20:23  Hydralisk x2  
  141  20:42  Nydus Canal  
  139  20:57  Infestor x4  
  139  20:58  Infestor  
  149  21:10  Hydralisk x3  
  155  21:14  Zergling x28  
  169  21:41  Zergling x14  
  169  21:42  Zergling x8  
  169  21:45  Baneling  
  169  21:46  Baneling x19  
  180  21:47  Baneling  
  150  22:21  Nydus Canal  
  144  22:45  Infestor x4  
  152  22:59  Zergling x24  
  152  23:00  Zergling x10  
  169  23:11  Hydralisk  
  169  23:12  Hydralisk x4  
  171  23:48  Zergling x6  
  160  23:49  Zergling x24  
Tags
 
Add a new tag
Caveats
  • Supply blocks, unpowered buildings, or Contaminate may cause inaccurate times.
  • Supply counts are checked every 10 seconds.